 Seeded DCSS version 0.30-a0-737-gf23d94013f (webtiles) character file.

Game seed: 16271806216771688038 (custom seed)

5 retardedninja the Shield-Bearer (level 1, 14/14 HPs)
             Began as a Gargoyle Fighter on Feb 2, 2023.
             Quit the game on level 1 of the Dungeon.
             The game lasted 00:00:13 (102 turns).

retardedninja the Shield-Bearer (Gargoyle Fighter)   Turns: 102, Time: 00:00:13

Health: 14/14      AC:  9    Str: 19    XL:     1   Next: 80%
Magic:  1/1        EV:  9    Int:  8    God:
Gold:   13         SH:  4    Dex:  9    Spells: 0/0 levels left

rFire   . . .      SeeInvis .    a - +0 flail
rCold   . . .      Faith    .    c - +0 buckler
rNeg    + . .      Spirit   .    b - +0 scale mail
rPois   ∞          Reflect  .    (no helmet)
rElec   +          Harm     .    (no cloak)
rCorr   .          Rampage  .    (no gloves)
Will    .....                    (no boots) Stlth
                                 (no amulet)
HPRegen 0.22/turn                (no ring)
MPRegen 0.07/turn                (no ring)

@: no status effects
A: sickness immunity, AC +2, negative energy resistance 1, electricity
resistance, torment resistance 1, petrification resistance
a: no special abilities


You were on level 1 of the Dungeon.
You visited 1 branch of the dungeon, and saw 1 of its levels.

You collected 13 gold pieces.

Inventory:

Hand Weapons
 a - a +0 flail (weapon)
Armour
 b - a +0 scale mail (worn)
 c - a +0 buckler (worn)
Potions
 d - a potion of might


   Skills:
 + Level 3.4 Fighting
 + Level 2.1 Maces & Flails
 + Level 3.4 Armour
 + Level 3.4 Shields


You couldn't memorise any spells.
You didn't know any spells.
Your spell library was empty.

Dungeon Overview and Level Annotations

Branches:
Dungeon (1/15)

Altars:


Innate Abilities, Weirdness & Mutations

You are immune to sickness and miasma.
Your stone body is resilient. (AC +2)
You are immune to poison.
You resist negative energy. (rN+)
You are resistant to electric shocks. (rElec)
You are resistant to unholy torment.
You are immune to petrification.


Message History

You closely miss the goblin.
The goblin is heavily wounded.
The goblin hits you but does no damage. The goblin closely misses you.
A goblin is nearby!
You completely miss the goblin.
The goblin is heavily wounded.
The goblin hits you with a +0 club.
A goblin is nearby!
You thump the goblin!
You kill the goblin!
HP restored.
There is a stone staircase leading down here.
Things that are here:
a +0 club; a goblin corpse Key pressed, stopping explore.
No target in view!
No target in view!
As you open the door, it creaks loudly!
There is an open door here.
You open the door.
A hobgoblin comes into view.
The hobgoblin hits you but does no damage.
There is an open door here.
A hobgoblin is nearby!
You closely miss the hobgoblin. The hobgoblin barely misses you.
A hobgoblin is nearby!
A hobgoblin is nearby!
You completely miss the hobgoblin. The hobgoblin misses you.
The hobgoblin barely misses you.
A hobgoblin is nearby!
You barely miss the hobgoblin.
The hobgoblin hits you but does no damage.
You barely miss the hobgoblin.
The hobgoblin hits you but does no damage. x2
A hobgoblin is nearby!
You closely miss the hobgoblin. The hobgoblin misses you.
You hit the hobgoblin.
The hobgoblin is moderately wounded.
The hobgoblin hits you but does no damage.
Are you sure you want to abandon this character and quit the game? (Confirm with "yes".)

#.# ##.## ##.##
##.##......# ## ###
### ###.########
#..#......#
+..>.####.# #....#
#.# # ###...# #.#
##. ##.##.#####.#
##...###...##......#
+..⌠.g@..⌠..'.######
##...#+#...#### ##.
##.## # ###


You could see a hobgoblin.

Vanquished Creatures
  2 goblins (D:1)
  A quokka (D:1)
  A ball python (D:1)
  A rat (D:1)
5 creatures vanquished.

Notes
Turn   | Place    | Note
-------+----------+-------------------------------------------
     0 | D:1      | retardedninja the Gargoyle Fighter began the quest for the
                  | Orb.
     0 | D:1      | Reached XP level 1. HP: 14/14 MP: 1/1
   102 | D:1      | Quit the game

Illustrated notes

Levels and vault maps discovered:
D:1:      giann_horns, layout_basic, nicolae_hexahallways

Action                     || total
---------------------------++-------
  Melee: Flail             ||    20
 Armour: Scale mail        ||    10
  Dodge: Dodged            ||    10
  Block: Buckler           ||     1

Table legend: (Time is in decaauts)
 A = Elapsed time spent in this place.
 B = Non-inter-level travel time spent in this place.
 C = Inter-level travel time spent in this place.
 D = Time resting spent in this place.
 E = Time spent auto-exploring this place.
 F = Levels seen in this place.
 G = Mean time per level.
                   A        B        C        D        E       F      G
               +--------+--------+--------+--------+--------+-----+--------+
         Total |    108 |    108 |      0 |      0 |     68 |   1 |  108.0 |
       Dungeon |    108 |    108 |      0 |      0 |     68 |   1 |  108.0 |
               +--------+--------+--------+--------+--------+-----+--------+

Top non-repeatable levels by time:
     D:1: 108 daAuts
